Map: Frozen Temple

Players

新手

  • Race: Terran Terran
  • League: Master

NORTHAMERICA - Winner!

  • Race: Protoss Protoss
  • League: Grandmaster

VOD

Have the link to the VOD?

Description

Time

  • Played on: Nov. 8, 2016, 12:18 a.m.
  • Length: 10:34
Show
View Real Time Build Order
Export as new Build Order

新手 Terran 

Build Orders: MMM Bio 

Get SALT Encoding   

  12  0:00  SCV  
  13  0:13  SCV  
  14  0:18  Supply Depot  
  14  0:25  SCV  
  15  0:30  Refinery  
  15  0:39  SCV  
  16  0:44  Barracks  
  16  0:51  SCV  
  17  1:03  SCV  
  18  1:15  SCV  
  19  1:31  Orbital Command  
  19  1:33  Barracks Reactor  
  19  1:45  Command Center  
  19  1:57  SCV  
  19  2:00  Barracks  
  20  2:09  Marine x2  
  20  2:11  SCV  
  23  2:26  Supply Depot  
  23  2:36  Bunker  
  23  2:45  Engineering Bay  
  23  2:48  Barracks Tech Lab  
  23  2:49  Marine x2  
  23  2:50  SCV  
  26  2:58  Orbital Command  
  26  3:02  SCV  
  27  3:07  Marauder  
  27  3:08  Concussive Shells  
  27  3:10  Marine x2  
  31  3:15  SCV  
  32  3:27  Marine  
  32  3:28  Marine  
  32  3:29  Marauder  
  32  3:31  SCV  
  38  3:34  SCV  
  38  3:39  Terran Infantry Weapons Level 1  
  38  3:45  Supply Depot, Marine x2  
  38  3:47  SCV  
  41  3:49  SCV  
  41  3:55  Stimpack  
  42  4:02  SCV x2  
  44  4:03  Marine  
  45  4:11  Factory  
  45  4:13  Refinery  
  45  4:16  SCV  
  46  4:17  SCV  
  46  4:21  Supply Depot  
  46  4:23  Marine  
  48  4:25  Marine  
  48  4:26  Marine  
  50  4:33  Refinery  
  50  4:37  SCV x2  
  52  4:54  Marine x3  
  51  5:00  SCV  
  51  5:02  Factory Reactor  
  51  5:03  Starport, Barracks  
  51  5:05  SCV  
  53  5:13  SCV, Marauder  
  56  5:15  Barracks  
  56  5:17  Barracks  
  56  5:20  Supply Depot  
  56  5:22  SCV  
  56  5:27  Missile Turret  
  57  5:33  Terran Infantry Armor Level 1  
  57  5:40  Marine x2, Marauder  
  61  5:50  Medivac x2  
  61  5:55  Barracks Tech Lab, Combat Shields  
  65  5:58  Marine  
  65  5:59  Supply Depot x2, SCV  
  65  6:02  Missile Turret  
  67  6:05  Barracks Reactor  
  67  6:09  Marine x2  
  69  6:14  Marine  
  70  6:21  Marauder  
  70  6:23  Refinery  
  72  6:27  Supply Depot  
  72  6:28  Supply Depot  
  72  6:29  SCV  
  72  6:32  Marine  
  76  6:33  Medivac, Marauder  
  76  6:35  Medivac  
  76  6:37  Marine  
  81  6:51  Command Center  
  81  6:52  Marine x2  
  81  6:54  Liberator x2, Marine  
  84  6:55  Marine  
  84  7:04  Marine  
  84  7:05  Marauder  
  81  7:10  Marine  
  81  7:15  SCV  
  86  7:19  Armory  
  86  7:22  Engineering Bay  
  85  7:25  Supply Depot  
  85  7:27  Supply Depot  
  85  7:28  Marine  
  86  7:37  Marine x2  
  86  7:38  Marine  
  86  7:40  Barracks Reactor  
  86  7:41  Barracks Tech Lab  
  86  7:42  Marine, Marauder  
  86  7:43  Liberator  
  86  7:44  SCV x2  
  94  7:46  Liberator  
  94  7:52  Supply Depot  
  94  7:53  Marine  
  94  7:54  Supply Depot  
  94  7:57  Marine  
  96  8:00  Marauder  
  95  8:23  Marine  
  95  8:24  Marine, Marauder  
  98  8:29  Marine x2, Marauder x2  
  98  8:30  Orbital Command  
  104  8:36  Liberator x2  
  89  8:42  Marine  
  89  8:45  Marine, Marauder  
  90  8:50  SCV x2  
  90  8:51  Orbital Command, Marauder  
  90  8:52  Marine  
  90  8:53  Marauder  
  95  9:15  Marine x2  
  97  9:22  Marine  
  97  9:23  Marauder  
  91  9:34  Orbital Command  
  59  9:40  Marine x2, Marauder x2  
  60  9:48  Marine x3  
  59  9:54  Medivac x2  
  59  9:57  Marine  
  59  9:58  Marine  
  65  10:01  Marine  
  65  10:02  Marauder  
  65  10:06  Marine  
  69  10:10  Marine  
  69  10:11  Marauder  
  71  10:15  Marine x2  
Show
View Real Time Build Order
Export as new Build Order

NORTHAMERICA Protoss - Winner!

Build Orders: 1 Gate Expand, Blink Stalkers 

Get SALT Encoding   

  12  0:01  Probe (Chrono Boost)  
  13  0:12  Probe (Chrono Boost)  
  14  0:18  Pylon  
  14  0:22  Probe (Chrono Boost)  
  15  0:37  Gateway  
  15  0:38  Probe (Chrono Boost)  
  16  0:48  Probe (Chrono Boost)  
  17  0:50  Assimilator  
  17  0:59  Probe (Chrono Boost)  
  18  1:09  Probe (Chrono Boost)  
  19  1:21  Nexus  
  19  1:34  Cybernetics Core  
  19  1:35  Probe (Chrono Boost)  
  20  1:41  Assimilator  
  20  1:45  Probe (Chrono Boost)  
  21  1:52  Pylon  
  21  1:56  Probe (Chrono Boost)  
  22  2:07  Probe (Chrono Boost)  
  23  2:10  Adept  
  25  2:18  Mothership Core (Chrono Boost)  
  25  2:20  Warp Gate  
  27  2:36  Probe (Chrono Boost)  
  28  2:42  Probe (Chrono Boost), Twilight Council  
  29  2:47  Probe (Chrono Boost)  
  30  2:53  Probe (Chrono Boost)  
  30  2:57  Probe (Chrono Boost), Gateway  
  32  3:01  Gateway  
  32  3:07  Probe (Chrono Boost)  
  32  3:08  Probe (Chrono Boost)  
  32  3:12  Blink  
  34  3:17  Probe (Chrono Boost)  
  34  3:19  Probe (Chrono Boost)  
  34  3:28  Probe (Chrono Boost)  
  34  3:30  Probe (Chrono Boost)  
  34  3:32  Pylon  
  36  3:38  Probe (Chrono Boost)  
  36  3:40  Probe (Chrono Boost)  
  38  3:43  Robotics Facility  
  38  3:49  Probe (Chrono Boost)  
  38  3:51  Probe (Chrono Boost)  
  40  3:59  Probe (Chrono Boost)  
  42  4:03  Probe (Chrono Boost)  
  42  4:05  Assimilator  
  42  4:10  Probe (Chrono Boost)  
  42  4:15  Probe (Chrono Boost)  
  42  4:16  Pylon  
  44  4:20  Probe (Chrono Boost)  
  45  4:25  Stalker x3  
  45  4:28  Probe (Chrono Boost)  
  45  4:31  Probe (Chrono Boost)  
  54  4:40  Probe (Chrono Boost)  
  54  4:42  Probe (Chrono Boost)  
  54  4:44  Pylon  
  55  4:48  Pylon  
  55  4:49  Stalker x3  
  55  5:02  Probe (Chrono Boost)  
  55  5:03  Probe (Chrono Boost)  
  57  5:09  Gateway  
  57  5:11  Gateway  
  57  5:12  Observer  
  57  5:13  Stalker x3  
  63  5:21  Probe (Chrono Boost)  
  65  5:25  Forge  
  65  5:26  Assimilator, Probe (Chrono Boost)  
  66  5:32  Immortal  
  66  5:33  Robotics Bay  
  70  5:46  Sentry  
  70  5:49  Nexus  
  72  5:50  Pylon, Resonating Glaives  
  72  5:52  Protoss Ground Weapons Level 1  
  72  5:59  Probe (Chrono Boost)  
  74  6:05  Probe (Chrono Boost)  
  74  6:09  Pylon  
  75  6:12  Probe (Chrono Boost)  
  75  6:13  Adept x3  
  81  6:22  Disruptor  
  81  6:23  Probe (Chrono Boost)  
  81  6:25  Probe (Chrono Boost)  
  83  6:32  Adept x2  
  88  6:35  Probe (Chrono Boost)  
  88  6:37  Probe (Chrono Boost), Pylon  
  92  6:44  Adept  
  92  6:46  Gateway  
  94  6:55  Photon Cannon  
  94  6:56  Adept x3  
  94  6:57  Probe x2 (Chrono Boost)  
  99  7:09  Probe (Chrono Boost)  
  99  7:11  Disruptor  
  99  7:14  Probe (Chrono Boost)  
  99  7:15  Pylon  
  101  7:16  Probe (Chrono Boost)  
  101  7:18  Photon Cannon  
  101  7:22  Stalker x3  
  108  7:23  Stalker  
  108  7:29  Probe (Chrono Boost)  
  114  7:31  Assimilator, Probe (Chrono Boost), Stalker  
  116  7:41  Photon Cannon, Protoss Ground Armor Level 1  
  116  7:42  Disruptor  
  116  7:44  Pylon  
  116  7:47  Probe (Chrono Boost)  
  120  7:53  Pylon  
  120  7:54  Pylon  
  120  7:58  Probe (Chrono Boost), Forge  
  121  7:59  Assimilator  
  121  8:08  Adept x4  
  121  8:09  Adept x2  
  133  8:16  Disruptor  
  135  8:30  Adept x3  
  135  8:33  Adept  
  129  8:42  Adept x2  
  129  8:47  Disruptor  
  125  8:51  Stalker x3  
  132  9:01  Assimilator  
  132  9:02  Stalker x3  
  138  9:15  Nexus  
  138  9:18  Pylon x2  
  112  9:40  Stalker x2  
  112  9:41  Disruptor, Stalker x4  
  127  9:53  Pylon  
  127  10:00  Gateway  
  127  10:01  Gateway  
  119  10:27  Stalker x4  
  119  10:28  Stalker x2  
Tags
 
Add a new tag
Caveats
  • Supply blocks, unpowered buildings, or Contaminate may cause inaccurate times.
  • Supply counts are checked every 10 seconds.